 Dungeon Crawl Stone Soup version 0.32-a0-685-g93135e86f0 (webtiles) character file.

Game seed: 13588521010795673935

94 backslashecho the Shooter (level 4, -7/35 HPs)
             Began as a Formicid Hunter on Mar 13, 2024.
             Mangled by Natasha (8 damage)
             ... on level 1 of the Dungeon.
             The game lasted 00:02:11 (1384 turns).

backslashecho the Shooter (Formicid Hunter)         Turns: 1384, Time: 00:02:11

Health: -7/35      AC:  3    Str: 15    XL:     4   Next: 94%
Magic:  4/4        EV: 12    Int:  9    God:
Gold:   128        SH:  0    Dex: 19    Spells: 3/3 levels left

rFire   . . .        a - +0 shortbow
rCold   . . .        (no shield)
rNeg    . . .        c - +0 leather armour
rPois   .            (helmet unavailable)
rElec   .            (no cloak)
rCorr   .            (no gloves)
SInv    +            (no boots)
Will    .....        (no amulet)
Stlth   ++           (no ring)
HPRegen 0.25/turn    (no ring)
MPRegen 0.09/turn

%: no passive effects
@: no status effects
A: permanent stasis, dig shafts and tunnels, antennae 3, four strong arms
a: Dig, Shaft Self


You were on level 1 of the Dungeon.
You visited 1 branch of the dungeon, and saw 2 of its levels.

You collected 128 gold pieces.

Inventory:

Hand Weapons
 a - a +0 shortbow (weapon)
Armour
 c - a +0 leather armour (worn)
Jewellery
 d - an amulet of faith
 e - an amulet of reflection
 j - a +4 ring of protection
Scrolls
 b - a scroll of butterflies
 f - 2 scrolls of identify {unknown}
 g - a scroll of blinking {unknown}
 i - a scroll of amnesia {unknown}
 k - a scroll of teleportation {unknown}
Potions
 h - a potion of enlightenment {unknown}
 l - a potion of ambrosia {unknown}
 m - a potion of haste {unknown}


   Skills:
 + Level 3.1 Fighting
 * Level 5.0 Ranged Weapons
 + Level 2.6 Dodging
 - Level 1.2 Stealth


You had 3 spell levels left.
You didn't know any spells.
Your spell library was empty.

Dungeon Overview and Level Annotations

Branches:
Dungeon (2/15)

Altars:

Shops:
D:2 *

Annotations:
D:1 Natasha


Innate Abilities, Weirdness & Mutations

You cannot be hasted, slowed, berserked, paralysed or teleported.
You can dig through walls and to a lower floor.
You have a pair of large antennae on your head. (SInv)
Your four strong arms can wield two-handed weapons with a shield.


Message History

Health restored: 35 Natasha, Servant of Life and Death comes into view.
She is carrying a wand of flame.
You shoot an arrow. The arrow hits Natasha!
Natasha hisses angrily.
Natasha is severely wounded.
Natasha zaps a wand.
The puff of flame misses you.
You shoot an arrow. The arrow closely misses Natasha.
Natasha mumbles some strange words.
You shoot an arrow. The arrow closely misses Natasha.
Natasha zaps a wand.
The puff of flame hits you!
You take 8 damage, and have 27/35 hp.
MASSIVE DAMAGE!!
Non-targeted abil: Dig
Press: ? - help, Q - select action, (/) - cycle Dir - look around, f - activate You extend your mandibles.
Unknown command.
You shoot an arrow.
The arrow hits Natasha but does no damage.
Natasha is severely wounded.
Natasha casts a spell at you. You resist with some effort.
You aren't carrying any items that you can evoke.
Unknown command.
Fire: a) +0 shortbow
Press: ? - help, Q - select action, (/) - cycle Shift-Dir - straight line, p - Natasha You shoot an arrow.
The arrow completely misses Natasha.
Natasha casts a spell at you.
Your stasis prevents you from being slowed.
Okay, then.
Fire: a) +0 shortbow
Press: ? - help, Q - select action, (/) - cycle Shift-Dir - straight line You shoot an arrow.
The arrow closely misses Natasha.
Fire: a) +0 shortbow
Press: ? - help, Q - select action, (/) - cycle Shift-Dir - straight line, f - Natasha
Aim: Natasha, carrying a wand of flame (severely wounded, 58% to hit)
You shoot an arrow. The arrow barely misses Natasha.
The cerulean imp misses you.
Fire: a) +0 shortbow
Press: ? - help, Q - select action, (/) - cycle Shift-Dir - straight line, f/p - Natasha
Aim: Natasha, carrying a wand of flame (severely wounded, 58% to hit)
You shoot an arrow.
The arrow hits Natasha but does no damage.
Natasha is severely wounded.
The cerulean imp hits you but does no damage.
Fire: a) +0 shortbow
Press: ? - help, Q - select action, (/) - cycle Shift-Dir - straight line, f/p - Natasha
Aim: Natasha, carrying a wand of flame (severely wounded, 58% to hit)
You shoot an arrow. The arrow closely misses Natasha.
The cerulean imp closely misses you. Natasha casts a spell at you.
The magic dart hits you!
You take 7 damage, and have 22/35 hp.
Fire: a) +0 shortbow
Press: ? - help, Q - select action, (/) - cycle Shift-Dir - straight line, f/p - Natasha
Aim: Natasha, carrying a wand of flame (severely wounded, 58% to hit)
You shoot an arrow.
The arrow hits Natasha but does no damage.
Natasha is severely wounded.
The cerulean imp hits you from afar with a +2 spear.
Natasha casts a spell.
The cerulean imp barely misses you.
You take 2 damage, and have 20/35 hp.
Fire: a) +0 shortbow
Press: ? - help, Q - select action, (/) - cycle Shift-Dir - straight line, f/p - Natasha
Aim: Natasha, carrying a wand of flame (severely wounded, 58% to hit)
You shoot an arrow. The arrow closely misses Natasha.
Natasha zaps a wand.
The puff of flame misses you. The cerulean imp completely misses you.
You retract your mandibles.
Natasha zaps a wand.
The puff of flame hits you!
You take 8 damage, and have 13/35 hp.
MASSIVE DAMAGE!!
The cerulean imp hits you from afar with a +2 spear.
There is a stone staircase leading up here.
You take 2 damage, and have 11/35 hp.
The cerulean imp hits you from afar with a +2 spear.
* * * LOW HITPOINT WARNING * * *
Natasha closely misses you.
You climb upwards.
The cerulean imp disappears in a puff of smoke! x2
There is a stone staircase leading down here.
You take 3 damage, and have 8/35 hp.
Fire: a) +0 shortbow
Press: ? - help, Q - select action, (/) - cycle Shift-Dir - straight line, f - Natasha
Aim: Natasha, carrying a wand of flame (severely wounded, 58% to hit)
You shoot an arrow. The arrow hits Natasha.
Natasha is severely wounded.
Natasha barely misses you.
Fire: a) +0 shortbow
Press: ? - help, Q - select action, (/) - cycle Shift-Dir - straight line, f/p - Natasha
Aim: Natasha, carrying a wand of flame (severely wounded, 58% to hit)
You shoot an arrow. The arrow hits Natasha.
Natasha is almost dead.
Natasha zaps a wand.
The puff of flame hits you!
* * * LOW HITPOINT WARNING * * *
You take 7 damage, and have 1/35 hp.
Fire: a) +0 shortbow
Press: ? - help, Q - select action, (/) - cycle Shift-Dir - straight line, f/p - Natasha
Aim: Natasha, carrying a wand of flame (almost dead, 58% to hit)
You shoot an arrow. The arrow barely misses Natasha.
Natasha claws you!
You die...
Natasha begins licking her fur clean.

##.#
#...###.###.#####
##.###...###.###.#
.........##...##.#
##.####.>#.###.#.#
##...##..#)# #.#.#
...#.##..#.###.#.#
##.#.##(.##...##.#
#.#.##..###.###.#
#.#.##..# #.# #@#
#.#.##..###.###h#
##.#.#...........#
)......######.####
.....### #.#
##.### #.# #...#
#(# ###.#
#.######## ####.#
#........#


You could see Natasha.

Vanquished Creatures
  Jessica (D:2)
  2 adders (D:2)
  A ribbon worm (D:2)
  2 dart slugs (D:1)
  3 ball pythons
  3 endoplasms
  6 giant cockroaches
  4 goblins
  A hobgoblin (D:1)
  4 jackals (D:1)
  3 kobolds
  A quokka (D:2)
  4 bats
  2 frilled lizards
  3 rats
40 creatures vanquished.

Notes
Turn   | Place    | Note
-------+----------+-------------------------------------------
     0 | D:1      | backslashecho the Formicid Hunter began the quest for the
                  | Orb.
     0 | D:1      | Reached XP level 1. HP: 16/16 MP: 1/1
   153 | D:1      | Reached XP level 2. HP: 23/23 MP: 2/2
   535 | D:1      | Reached XP level 3. HP: 28/28 MP: 3/3
   672 | D:1      | Found a faded altar of an unknown god.
   988 | D:2      | Reached XP level 4. HP: 24/34 MP: 4/4
  1092 | D:2      | Noticed Jessica
  1095 | D:2      | Killed Jessica
  1096 | D:2      | Reached skill level 5 in Ranged Weapons
  1271 | D:2      | Found Udon's General Store.
  1365 | D:2      | Noticed Natasha
  1383 | D:1      | HP: 1/35 [Natasha/puff of flame (8)]
  1384 | D:1      | Mangled by Natasha

Illustrated notes

Levels and vault maps discovered:
D:1:      minmay_arrival_four_loops, layout_loops_ring,
          ebering_ecumenical_altar_mist, serial_bayou_pond_a
D:2:      layout_loops_ring, serial_shops, shop, minmay_pentomino_z4,
          uniq_terence, uniq_natasha, uniq_crazy_yiuf_cottage, uniq_jessica

Skill      XL: |  1  2  3  4 |
---------------+-------------+-----
Dodging        | 2 |  2.6
Fighting       | 3 |  3.1
Ranged Weapons | 5 |  5.0
Stealth        | |  1.2

Action                     |  1- 3 |  4- 6 || total
---------------------------+-------+-------++-------
   Fire: Shortbow          |    82 |    53 ||   135
Ability: Dig               |       |     1 ||     1
 Armour: Leather armour    |    34 |    17 ||    51
  Dodge: Dodged            |    40 |    19 ||    59

Table legend: (Time is in decaauts)
 A = Elapsed time spent in this place.
 B = Non-inter-level travel time spent in this place.
 C = Inter-level travel time spent in this place.
 D = Time resting spent in this place.
 E = Time spent auto-exploring this place.
 F = Levels seen in this place.
 G = Mean time per level.
                   A        B        C        D        E       F      G
               +--------+--------+--------+--------+--------+-----+--------+
         Total |   1414 |   1383 |     31 |      0 |   1104 |   2 |  707.0 |
       Dungeon |   1414 |   1383 |     31 |      0 |   1104 |   2 |  707.0 |
               +--------+--------+--------+--------+--------+-----+--------+

Top non-repeatable levels by time:
     D:1: 891 daAuts
     D:2: 522 daAuts
